 Dungeon Crawl Stone Soup version 0.14-a0-1876-g927fc3a (webtiles) character file.

49 4tharraofdagon the Chopper (level 2, 0/19 (22) HPs)
             Began as a Minotaur Gladiator on Jan 14, 2014.
             Slain by a giant newt (3 damage)
             ... on Level 2 of the Dungeon.
             The game lasted 00:02:57 (353 turns).

4tharraofdagon the Chopper (Minotaur Gladiator)      Turns: 353, Time: 00:02:58

HP   0/19 (22)   AC  3     Str 19      XL: 2   Next: 37%
MP   1/1         EV 11     Int  5      God:
Gold 33          SH  0     Dex  8      Spells:  0 memorised,  1 level left

rFire  . . .     SeeInvis .     k - +0 hand axe
rCold  . . .     Clarity  .     b - +0 leather armour
rNeg   . . .     Conserve .     (no shield)
rPois  .         rCorr    .     (helmet unavailable)
rElec  .         rRot     .     (no cloak)
SustAb . .       Spirit   .     (no gloves)
rMut   .         Warding  .     (no boots)
Saprov . . .     Stasis   .     (no amulet)
MR     .....                    (no ring)
                                (no ring)

@: not resistant to hostile enchantments, very unstealthy
A: retaliatory headbutt, horns 3, clumsy 1, frail 1, spit poison 1
a: Spit Poison


You were on level 2 of the Dungeon.
You were not hungry.

You visited 1 branch of the dungeon, and saw 2 of its levels.

You collected 33 gold pieces.

Inventory:

Hand weapons
 a - a +0,+0 hand axe
 k - a +0,+0 hand axe (weapon)
Missiles
 d - 3 throwing nets (quivered)
Armour
 b - a +0 leather armour (worn)
 c - a +0 hat
Comestibles
 f - 2 bread rations
Scrolls
 e - a scroll of remove curse {unknown}
 h - a scroll of curse weapon {unknown}
 i - a scroll of random uselessness {unknown}
 l - a scroll of blinking {unknown}
Potions
 g - a potion of confusion
 j - a potion of restore abilities
Books
 m - a book of Frost

   Spells                             Type                      Level
   Freeze                             Ice                          1
   Throw Frost                        Conjuration/Ice              2
   Ozocubu's Armour                   Charms/Ice                   3
   Throw Icicle                       Conjuration/Ice              4
   Summon Ice Beast                   Ice/Summoning                4
   Condensation Shield                Ice                          4


   Skills:
 + Level 2.6 Fighting
 * Level 4.2 Axes
 - Level 2.0 Throwing
 + Level 1.2 Armour
 - Level 3.2 Dodging


You had one spell level left.
You didn't know any spells.

Dungeon Overview and Level Annotations

Branches:
Dungeon (2/16)

Altars:


Innate Abilities, Weirdness & Mutations

You reflexively headbutt those who attack you in melee.
You have a pair of large horns on your head.
You are clumsy. (Dex -2)
You are frail (-10% HP).
You can spit poison.


Message History

You barely miss the hobgoblin. You headbutt the hobgoblin.
The hobgoblin is severely wounded.
The hobgoblin hits you but does no damage.
You hit the hobgoblin.
You kill the hobgoblin!
Things that are here:
an orcish club; a hobgoblin corpse
m - a book of Frost You open the door.
A giant newt comes into view.
Found a stone staircase leading down.
You closely miss the giant newt. Your headbutt misses the giant newt.
The giant newt bites you.
* * * LOW HITPOINT WARNING * * *
You closely miss the giant newt. Your headbutt misses the giant newt.
The giant newt closely misses you.
You miss the giant newt. The giant newt bites you.
* * * LOW HITPOINT WARNING * * *
The giant newt bites you.
You die...

### #.. #+## ##.######
..... #.......#
.......###### #.......###
..>....l@...###.......##.
.......####..##....)..#..
..... ##............#
.... ####.......### ###
#.......# ###.##### #...
###.# ...


You could see a giant newt.

Vanquished Creatures
  5 bats (D:1)
  2 hobgoblins
  2 giant newts (D:1)
  A goblin (D:1)
  4 kobolds (D:1)
  A rat (D:2)
15 creatures vanquished.

Notes
Turn   | Place    | Note
--------------------------------------------------------------
     0 | D:1      | 4tharraofdagon, the Minotaur Gladiator, began the quest for the Orb.
     0 | D:1      | Reached XP level 1. HP: 18/18 MP: 1/1
    55 | D:1      | Reached skill level 4 in Axes
    97 | D:1      | Gained mutation: You are frail (-10% HP). [potion of mutation]
    97 | D:1      | Gained mutation: You are clumsy. (Dex -2) [potion of mutation]
    97 | D:1      | Gained mutation: Your mind is acute. (Int +2) [potion of mutation]
    98 | D:1      | Reached XP level 2. HP: 4/22 MP: 1/1
   169 | D:1      | Gained mutation: You have a pair of large horns on your head. [potion of mutation]
   169 | D:1      | Lost mutation: Your mind is acute. (Int +2) [potion of mutation]
   169 | D:1      | Gained mutation: You can spit poison. [potion of mutation]
   237 | D:1      | Reached skill level 1 in Armour
   353 | D:2      | Slain by a giant newt

Action                   || total
-------------------------++-------
Melee: Hand axe          ||    36
  Use: Potion            ||     6
